 Dungeon Crawl Stone Soup version 0.30-a0-305-g026cb31310 (webtiles) character file.

Game seed: 5333314910395684147

2130 lunkers the Zephyrmancer (level 9, 0/62 HPs)
             Began as a Meteoran Air Elementalist on Oct 24, 2022.
             Was an Initiate of Gozag.
             Killed by their own static electricity (3 damage)
             ... on level 8 of the Dungeon.
             The game lasted 00:10:41 (2559 turns).

lunkers the Zephyrmancer (MeAE)                     Turns: 2559, Time: 00:10:42

Health: 0/62       AC:  4    Str:  9    XL:     9   Next: 84%
Magic:  0/22       EV: 12    Int: 22    God:    Gozag
Gold:   643        SH:  0    Dex: 15    Spells: 15/25 levels left

rFire   . . .      SeeInvis .    m - +0 dagger
rCold   . . .      Faith    .    (no shield)
rNeg    . . .      Spirit   .    a - +0 robe
rPois   .          Reflect  .    v - +0 hat
rElec   .          Harm     .    (no cloak)
rCorr   .          Rampage  .    (no gloves)
Will    +....                    e - +1 pair of boots
Stlth   +.........               u - amulet of the acrobat
HPRegen 0.30/turn                s - ring of wizardry
MPRegen 0.18/turn                (no ring)

@: gold aura, glowing
A: sense surroundings 2, otherworldly, glowing, explore regen
a: Renounce Religion, Potion Petition, Call Merchant, Bribe Branch


You were on level 8 of the Dungeon.
You worshipped Gozag.
Gozag was pleased with you.
You visited 2 branches of the dungeon, and saw 9 of its levels.

You collected 693 gold pieces.
You paid 50 gold pieces to Gozag.

Inventory:

Hand Weapons
 m - a +0 dagger (weapon)
Armour
 a - a +0 robe (worn)
 e - a +1 pair of boots (worn)
 g - a +2 ring mail of cold resistance
 q - a scarf of harm
 v - a +0 hat (worn)
Jewellery
 s - a ring of wizardry (left hand)
 u - an amulet of the acrobat (around neck)
Wands
 w - a wand of charming (9)
Scrolls
 d - 2 scrolls of immolation
 f - 3 scrolls of teleportation
 i - 2 scrolls of fog
 n - 2 scrolls of amnesia
 t - a scroll of enchant armour
Potions
 b - a potion of magic
 c - a potion of haste
 h - a potion of lignification
 j - a potion of invisibility {unknown}
 k - 2 potions of might
 l - 2 potions of curing
 o - 2 potions of ambrosia
 p - a potion of brilliance {unknown}
 r - 2 potions of attraction {unknown}


   Skills:
 - Level 2.4 Dodging
 - Level 1.4 Stealth
 + Level 8.7 Spellcasting
 - Level 1.2 Conjurations
 * Level 12.2 Air Magic


You had 15 spell levels left.
You knew the following spells:

 Your Spells              Type           Power      Damage    Failure   Level
a - Shock                 Conj/Air       100%       1d9       1%          1
b - Static Discharge      Conj/Air       78%        2-6/arc   1%          2
c - Swiftness             Air            59%        N/A       1%          3
d - Airstrike             Air            29%        2d(5-21)  1%          4

Your spell library contained the following spells:

 Spells                   Type           Power      Damage    Failure   Level
 Ensorcelled Hibernation  Hex/Ice        18%        N/A       4%          2
 Passwall                 Tmut/Erth      7%         N/A       4%          2
 Spider Form              Tmut/Pois      9%         N/A       9%          3
 Anguish                  Hex/Necr       4%         N/A       26%         4
 Leda's Liquefaction      Hex/Erth       4%         N/A       26%         4
 Lee's Rapid Deconstruct  Erth           4%         3d5*      56%         5
 Statue Form              Tmut/Erth      6%         N/A       98%         6


Dungeon Overview and Level Annotations

Branches:
Dungeon (8/15) Zot: 2440   Temple (1/1) D:4 Zot: 403
   Lair: D:8-11

Altars:
Ashenzari
Elyvilon
Fedhas
Gozag
Hepliaklqana
Kikubaaqudgha
Makhleb
Nemelex Xobeh
Qazlal
Sif Muna
Trog
Uskayaw
Vehumet
Xom
Yredelemnul
Zin
The Shining One

Annotations:
D:6 3 runed translucent doors, bchevrier's ghost, novice GnWn
D:7 2 transporters


Innate Abilities, Weirdness & Mutations

You passively map the area around you.
You are easily found by Zot.
You glow in the dark.
You regain HP and MP as you explore.


Message History

The yak is moderately wounded.
Unknown command.
Casting: Airstrike (safe; 1% risk of failure)
Confirm with . or Enter, or press ? or * to list all spells.
The yak is struck by an arc of lightning.
The yak is moderately wounded.
You are struck by an arc of lightning.
The yak is struck by an arc of lightning.
The yak is heavily wounded.
The lightning grounds out.
* * * LOW MAGIC WARNING * * *
The yak gores you!
* * * LOW HITPOINT WARNING * * *
Casting: Static Discharge (safe; 1% risk of failure)
Confirm with . or Enter, or press ? or * to list all spells.
The yak is struck by an arc of lightning.
The yak is heavily wounded.
You are struck by an arc of lightning.
* * * LOW HITPOINT WARNING * * *
The yak is struck by an arc of lightning.
The yak is severely wounded.
You are struck by an arc of lightning.
* * * LOW HITPOINT WARNING * * *
The yak is struck by an arc of lightning.
The yak is severely wounded.
The lightning grounds out.
* * * LOW MAGIC WARNING * * *
The yak gores you!
* * * LOW HITPOINT WARNING * * *
Casting: Static Discharge (safe; 1% risk of failure)
Confirm with . or Enter, or press ? or * to list all spells.
The yak is struck by an arc of lightning!
The yak is almost dead.
You are struck by an arc of lightning.
* * * LOW HITPOINT WARNING * * *
The yak is struck by an arc of lightning!
You kill the yak!
You are struck by an arc of lightning.
You die...
Your body crumbles into a pile of gold.

, , ,, , ,
#.......# * * ,
** #.......# * *
< #..
#.......##** , ,,
#..##........ ,,
,* ##..#
#......####### **
...# #......##...
, , ..#
#......#.#* *,, *
#.# #...$@...# ,
#.######.....#.#
,,
#..$........##.#
,
#.############.#
* #.# ##.## *.# ,
#.# #...## *.#
####.#
##.#.#.#####.## #
#....#
#.##......#...#.#
#.####
##.#............#


There were no monsters in sight!

Vanquished Creatures
  4 yaks (D:8)
  2 steam dragons (D:8)
  An orc warrior (D:5)
  2 black bears
  3 ice beasts
  2 ogres
  3 centaurs
  A bullfrog (D:8)
  2 scorpions (D:4)
  A howler monkey (D:5)
  A jelly (D:6)
  2 hounds
  2 orc priests
  2 iguanas
  An orc wizard (D:5)
  5 adders
  2 white imps
  2 ufetubi
  5 worms
  2 dart slugs
  9 orcs
  4 endoplasms
  2 giant cockroaches
  4 goblins
  A hobgoblin (D:3)
  3 jackals (D:2)
  4 quokkas
  3 ball pythons
  3 bats
  2 frilled lizards
  8 kobolds
  2 rats
90 creatures vanquished.

Notes
Turn   | Place    | Note
-------+----------+-------------------------------------------
     0 | D:1      | lunkers the Meteoran Air Elementalist began the quest for
                  | the Orb.
     0 | D:1      | Reached XP level 1. HP: 14/14 MP: 5/5
    62 | D:1      | Reached skill level 4 in Air Magic
    62 | D:1      | Reached XP level 2. HP: 5/20 MP: 0/7
   196 | D:1      | Learned a level 2 spell: Static Discharge
   286 | D:2      | Reached XP level 3. HP: 26/26 MP: 3/8
   290 | D:2      | Learned a level 3 spell: Swiftness
   779 | D:3      | Reached skill level 5 in Air Magic
   779 | D:3      | Reached XP level 4. HP: 29/33 MP: 2/10
   784 | D:3      | Learned a level 4 spell: Airstrike
   927 | D:3      | Noticed an ogre
  1007 | D:4      | Reached XP level 5. HP: 32/38 MP: 5/12
  1019 | D:4      | Reached skill level 6 in Air Magic
  1025 | D:4      | Reached XP level 6. HP: 45/45 MP: 3/13
  1069 | D:4      | Found a staircase to the Ecumenical Temple.
  1079 | Temple   | Entered the Ecumenical Temple
  1249 | Temple   | Became a worshipper of Gozag Ym Sagoz the Greedy
  1469 | D:4      | Noticed a black bear
  1477 | D:4      | Killed a black bear
  1478 | D:4      | Reached skill level 7 in Air Magic
  1584 | D:4      | Reached skill level 5 in Spellcasting
  1584 | D:4      | Reached XP level 7. HP: 47/50 MP: 8/15
  1627 | D:4      | Found a stormy altar of Qazlal.
  1664 | D:5      | Entered Level 5 of the Dungeon
  1743 | D:5      | Reached skill level 8 in Air Magic
  1788 | D:5      | Reached XP level 8. HP: 49/57 MP: 4/17
  1807 | D:5      | Reached skill level 9 in Air Magic
  2085 | D:6      | Found a runed translucent gate.
  2086 | D:6      | Found a runed translucent gate.
  2086 | D:6      | Found an opulent altar of Gozag.
  2087 | D:6      | Found a runed translucent gate.
  2088 | D:6      | Noticed bchevrier's ghost (novice GnWn)
  2088 | D:6      | Noticed a vampire mosquito
  2102 | D:6      | Reached skill level 10 in Air Magic
  2106 | D:6      | Gained mutation: You passively map the area around you.
                  | [Meteoran growth]
  2106 | D:6      | Reached XP level 9. HP: 49/62 MP: 5/20
  2288 | D:7      | Found a transporter.
  2294 | D:7      | Noticed a kobold demonologist
  2302 | D:7      | Found a transporter.
  2397 | D:8      | Reached skill level 11 in Air Magic
  2525 | D:8      | Reached skill level 12 in Air Magic
  2559 | D:8      | HP: 3/62 [/static electricity (4)]
  2559 | D:8      | Killed from afar by themself

Illustrated notes

Levels and vault maps discovered:
D:1:      psy_arrival_terrarium, layout_basic
D:2:      layout_basic, serial_co_window_serial, co_window_paths_a,
          co_window_paths_b, co_window_paths_a, co_window_of_opportunity_a,
          co_window_paths_a, co_window_of_opportunity_a, co_window_paths_b,
          co_window_corner_cb, co_window_paths_c, co_window_broadway_b,
          co_window_corner_b, co_window_paths_e, co_window_4corner_b,
          glass_columns_b, glass_columns_a
D:3:      layout_basic, nicolae_wormholes
D:4:      layout_rooms, old_standard_altar, temple_fountains
D:5:      minmay_clustersquares, layout_loops_ring, st_stairs_10
D:6:      layout_cave_pools, ebering_ghost_gozag
D:7:      gammafunk_wand_slinger, layout_basic, bh_walls_and_bars
D:8:      layout_loops_ring
Temple:   eino_temple_scatter_basement

Skill      XL: |  1  2  3  4  5  6  7  8  9 |
---------------+----------------------------+-----
Spellcasting   | 3 4 5 7 8 |  8.7
Air Magic      | 4 5 6 7 8 10 12 | 12.2
Dodging        | |  2.4
Stealth        | |  1.4
Conjurations   | |  1.2

Action                   |  1- 3 |  4- 6 |  7- 9 || total
-------------------------+-------+-------+-------++-------
Melee: Unarmed           |       |    11 |       ||    11
       Dagger            |       |       |     6 ||     6
 Cast: Shock             |    58 |    56 |    38 ||   152
       Static Discharge  |     5 |    10 |    22 ||    37
       Airstrike         |       |     2 |    27 ||    29
Evoke: Wand              |       |       |     9 ||     9
  Use: Scroll            |       |    12 |     3 ||    15
Armor: Robe              |     5 |     8 |    19 ||    32
Dodge: Dodged            |     9 |    17 |    31 ||    57

Table legend: (Time is in decaauts)
 A = Elapsed time spent in this place.
 B = Non-inter-level travel time spent in this place.
 C = Inter-level travel time spent in this place.
 D = Time resting spent in this place.
 E = Time spent auto-exploring this place.
 F = Levels seen in this place.
 G = Mean time per level.
                   A        B        C        D        E       F      G
               +--------+--------+--------+--------+--------+-----+--------+
         Total |   2556 |   2454 |    102 |      0 |   1341 |   9 |  284.0 |
       Dungeon |   2359 |   2275 |     84 |      0 |   1188 |   8 |  294.9 |
        Temple |    196 |    178 |     18 |      0 |    153 |   1 |  196.0 |
               +--------+--------+--------+--------+--------+-----+--------+

Top non-repeatable levels by time:
     D:4: 466 daAuts
     D:5: 401 daAuts
     D:2: 388 daAuts
     D:3: 360 daAuts
     D:1: 250 daAuts
     D:6: 203 daAuts
  Temple: 196 daAuts
     D:8: 191 daAuts
     D:7: 96 daAuts
